 Dungeon Crawl Stone Soup version 0.23-a0-714-g00c90a0c22 (webtiles) character file.

14 Hercules1031 the Ducker (level 2, -1/14 HPs)
             Began as a Felid Berserker on Jan 16, 2019.
             Was a Follower of Trog.
             Slain by a frilled lizard (2 damage)
             ... on level 1 of the Dungeon.
             The game lasted 00:01:01 (386 turns).

Hercules1031 the Ducker (Felid Berserker)            Turns: 386, Time: 00:01:02

Health: -1/14      AC:  1    Str: 13    XL:     2   Next: 31%
Magic:  3/3        EV: 19    Int:  8    God:    Trog [*.....]
Gold:   25         SH:  0    Dex: 15    Spells: 1/1 levels left
                                        Lives:  0   Deaths: 0

rFire    . . .     SeeInvis +     - Unarmed
rCold    . . .     Gourm    .   (shield unavailable)
rNeg     . . .     Faith    .   (armour unavailable)
rPois    .         Spirit   .   (helmet unavailable)
rElec    .         Reflect  .   (cloak unavailable)
rCorr    .         Harm     .   (gloves unavailable)
MR       .....                  (boots unavailable)
Stlth    ++........             (no amulet)
HPRegen  0.04/turn              (no ring)
MPRegen  0.08/turn              (no ring)

@: quick
A: very small, no armour, no weapons or thrown items, stealth, claws 1, fangs 3,
see invisible, carnivore, speed 1, shaggy fur 1, slow metabolism 1, sharp paws
a: Berserk, Renounce Religion


You were on level 1 of the Dungeon.
You worshipped Trog.
Trog was aware of your devotion.
You were not hungry.

You visited 1 branch of the dungeon, and saw 1 of its levels.

You collected 25 gold pieces.

Inventory:

Scrolls
 c - 2 scrolls of remove curse {unknown}
 d - a scroll of fog {unknown}
Potions
 b - a potion of curing {unknown}
Comestibles
 a - a ration


   Skills:
 * Level 3.3 Fighting
 + Level 4.2 Dodging
 * Level 3.3 Unarmed Combat


You had one spell level left.
You didn't know any spells.
Your spell library was empty.

Dungeon Overview and Level Annotations

Branches:
Dungeon (1/15)

Altars:


Innate Abilities, Weirdness & Mutations

You cannot wear armour.
You are incapable of wielding weapons or throwing items.
Your paws allow you to move quietly. (Stealth)
You have sharp claws.
You have razor-sharp teeth.
You have supernaturally acute eyesight. (SInv)
You are carnivorous and can eat meat at any time.
You cover ground quickly.
You are covered in fur. (AC +1)
You have a slow metabolism.
Your sharp claws are effective at attacking unaware monsters.


Message History

* * * LOW HITPOINT WARNING * * *
The frilled lizard completely misses you.
The jackal completely misses you. The bat misses you.
The jackal completely misses you.
You miss the jackal.
The jackal is almost dead.
The bat closely misses you. The frilled lizard bites you.
* * * LOW HITPOINT WARNING * * *
The jackal closely misses you. The jackal misses you.
Unknown command.
You claw the jackal!
You kill the jackal!
Trog accepts your kill. The bat hits you but does no damage.
The jackal completely misses you. The frilled lizard closely misses you.
The bat misses you. The jackal misses you.
Unknown command.
You barely miss the bat. Your claw misses the bat. The bat misses you. x2
The frilled lizard bites you.
You die...

.###.###.####### .#
#.# #.# .# ##
.###.# #.# .....#
.....# #.#
######.##... .#####
#.# #..........( .#
#.####.##.#......
.#
#........K....?..
.#
#######...#bh......
## #........†.@l#
#.#####.......# #.#
##.##b.#.# #.#
#.##..# # #.#
#.###..# #.# #.#
.#.# ######.# #..
..... .......# ###
###.. ########


You could see a jackal, 2 bats, a kobold and a frilled lizard.

Vanquished Creatures
  2 bats (D:1)
  A giant cockroach (D:1)
  2 goblins (D:1)
  A hobgoblin (D:1)
  A jackal (D:1)
  2 kobolds (D:1)
  3 rats (D:1)
12 creatures vanquished.

Notes
Turn   | Place    | Note
-------+----------+-------------------------------------------
     0 | D:1      | Hercules1031 the Felid Berserker began the quest for the
                  | Orb.
     0 | D:1      | Reached XP level 1. HP: 10/10 MP: 2/2
   307 | D:1      | Reached XP level 2. HP: 14/14 MP: 3/3
   386 | D:1      | Slain by a frilled lizard

Vault maps used:
D:1:      erik_arrival_blinker_ship, minmay_misc_feat_square, st_stairs_10,
          minmay_small_reverse_x

Action                   || total
-------------------------++-------
Melee: Unarmed           ||    32
       Bite              ||     4
 Stab: Sleeping          ||     1
Armor: Skin              ||     4
Dodge: Dodged            ||    50

Table legend:
 A = Non-vault XP
 B = Vault XP
 C = Vault XP percentage of total XP
 D = Non-vault monster count
 E = Vault monster count
 F = Vault count percentage of total count
                 A         B        C        D         E       F
            +---------+---------+-------+---------+---------+-------
      Total |      16 |       5 |  23.8 |       9 |       3 |  25.0
            +---------+---------+-------+---------+---------+-------
        D:1 |      16 |       5 |  23.8 |       9 |       3 |  25.0
            +---------+---------+-------+---------+---------+-------
